 Dungeon Sprint DCSS version 0.31-a0-876-gfe8ebadbca (webtiles) character file.

Game seed: 1298894931582226805

53081 sircluck the Brawler (level 13, -9/158 HPs)
             Began as a Troll Berserker on Oct 13, 2023.
             Was a High Priest of Trog.
             Mangled by a jiangshi (18 damage)
             ... summoned by a mummy priest
             ... in the Dungeon (Sprint III: "The Ten Rune Challenge").
             The game lasted 00:09:50 (2842 turns).

sircluck the Brawler (Troll Berserker)              Turns: 2842, Time: 00:09:50

Health: -9/158     AC: 16    Str: 32    XL:     13   Next: 72%
Magic:  12/12      EV: 13    Int:  3    God:    Trog [*****.]
Gold:   129        SH:  0    Dex:  9    Spells: 12/12 levels left

rFire   + +          .
                       - Unarmed
rCold   x . .        (no shield)
rNeg    . . .        b - +0 fire dragon scales
rPois   .            (helmet restricted)
rElec   .            (no cloak)
rCorr   .            (gloves unavailable)
SInv    .            (boots unavailable)
Will    .....        r - amulet of Vitality {RegenMP++ Regen++} Stlth
                     h - +4 ring of slaying
HPRegen 2.86/turn    (no ring)
MPRegen 0.93/turn

%: no teleportation, clarity
@: on berserk cooldown, slowed, very slow
A: large, unfitting armour, claws 3, regeneration 1, shaggy fur 1, tough skin 1,
iridescent scales 1, clarity
}: 1/10 runes: decaying
a: Renounce Religion, Berserk, Trog's Hand, Brothers in Arms


You were in the Dungeon.
You worshipped Trog.
Trog was extremely pleased with you.
You visited 1 branch You collected 2449 gold pieces.
You spent 2320 gold pieces at shops.

Inventory:

Armour
 a - a +0 animal skin
 b - +0 fire dragon scales (worn)
Jewellery
 h - a +4 ring of slaying (left claw)
 r - the amulet of Vitality (around neck) {RegenMP++ Regen++}
   (You bought it in a shop in the Dungeon)

   [amulet of magic regeneration]

   RegenMP:   It increases your rate of magic regeneration.
   Regen++:   It increases your rate of health regeneration.
 t - a ring of magical power
Wands
 i - a wand of flame (50)
 p - a wand of mindburst (11)
Scrolls
 j - 2 scrolls of immolation {unknown}
 k - a scroll of fear {unknown}
 m - a scroll of poison {unknown}
 n - a scroll of identify {unknown}
 s - a scroll of acquirement
Potions
 d - a potion of haste
 e - 2 potions of magic
 f - a potion of berserk rage
 l - 2 potions of enlightenment
 o - a potion of lignification {unknown}
 q - a potion of mutation


   Skills:
 + Level 17.8 Fighting
 + Level 11.2 Armour
 + Level 17.7 Dodging
 + Level 20.7 Unarmed Combat


You had 12 spell levels left.
You didn't know any spells.
Your spell library was empty.

Dungeon Overview and Level Annotations

Branches:
Dungeon (1/1)

Altars:
Cheibriados
Dithmenos
Elyvilon
Fedhas
Gozag
Hepliaklqana
Kikubaaqudgha
Makhleb
Nemelex Xobeh
Okawaru
Qazlal
Ru
Sif Muna
Trog
Uskayaw
Vehumet
Wu Jian
Xom
Yredelemnul
Zin
The Shining One
Jiyva
Lugonu

Shops:
D ([:!(:=[?:*:(=!

Annotations:
D exclusion: 2 statues, Chuck


Innate Abilities, Weirdness & Mutations

You are too large for most types of armour.
You have claws for hands.
Your natural rate of healing is unusually fast.
You are covered in fur. (AC +1)
You have tough skin. (AC +1)
You are partially covered in iridescent scales. (AC +2)
You possess an exceptional clarity of mind.


Message History

You mangle the guardian mummy!!
You destroy the guardian mummy!
Trog accepts your kill.
You feel extremely nervous for a moment...
Pain shoots through your body!
* * * LOW HITPOINT WARNING * * *
The phantasmal warrior misses you.
The mummy priest mumbles some strange prayers to its god.
You eviscerate the phantasmal warrior!!!
Your claw misses the phantasmal warrior.
The phantasmal warrior is almost destroyed.
You claw the phantasmal warrior!
You destroy the phantasmal warrior!
The phantasmal warrior disappears in a puff of smoke!
The shadow completely misses you.
The mummy priest prays to its god.
The jiangshi claws you!
* * * LOW HITPOINT WARNING * * *
The jiangshi draws strength from your injuries!
The jiangshi claws you.
* * * LOW HITPOINT WARNING * * *
The jiangshi draws strength from your injuries!
The shadow disappears in a puff of smoke!
You see here a +9 bardiche of flaming.
You feel a strong urge to attack something.
You eviscerate the jiangshi!!!
The jiangshi is almost destroyed.
You are no longer berserk.
You are exhausted.
You feel as though you will be slow longer.
The jiangshi claws you!!
* * * LOW HITPOINT WARNING * * *
The jiangshi draws strength from your injuries!
The jiangshi completely misses you.
Unknown command.
You barely miss the jiangshi. You claw the jiangshi!
The jiangshi is almost destroyed.
The jiangshi claws you but does no damage.
The jiangshi claws you!!
You die...

▓.^#.)............#
▓..#..............#
▓..#..##########..#
▓..#..#..M.. #..#
▓..#..#W.M. #)^#
▓..#^.#Z.M #..#
▓..#..#.. #..#
▓..#..#'########..#
▓..#..#.MV@.^^....#
▓^)'..#...........#
▓##################


You could see a mummy priest and a jiangshi (summoned).

Vanquished Creatures
  Xtahua (D)
  Donald (D)
  8 mummy priests (D)
  A yaktaur captain (D)
  6 fire dragons (D)
  Erolcha (D)
  3 hydras (D)
  A centaur warrior (D)
  A dancing weapon (D)
  4 orc high priests (D)
  Urug (D)
  A death drake (D)
  A deep troll (shapeshifter) (D)
  An obsidian statue (D)
  A lindwurm (D)
  A deep elf pyromancer (D)
  2 crystal guardians (D)
  2 ugly things (D)
  2 cane toads (D)
  A rime drake (D)
  A komodo dragon (D)
  10 guardian mummies (D)
  4 spriggan defenders (D)
  2 tyrant leeches (D)
  2 slime creatures (D)
  A shadow (D)
  3 wandering mushrooms (D)
  5 redbacks (D)
  A redback (shapeshifter) (D)
  A spatial vortex (D)
  2 hell hounds (D)
  2 orc warriors (D)
  A swamp drake (D)
  5 two-headed ogres (D)
  A water elemental (D)
  A necrophage (D)
  A scorpion (D)
  An electric eel (D)
  A jelly (D)
  6 orc priests (D)
  Jessica (D)
  A necromancer (D)
  A wizard (D)
  4 orc wizards (D)
  3 humans (D)
  A kobold demonologist (D)
  5 orcs (D)
  2 endoplasms (D)
  A rat (D)
110 creatures vanquished.

Vanquished Creatures (collateral kills)
  2 sphinxes (D)
  Frances (D)
  2 mummy priests (D)
  3 dancing weapons (D)
  2 ugly things (D)
  2 crystal guardians (D)
  A tormentor (D)
  8 guardian mummies (D)
21 creatures vanquished.

Grand Total: 131 creatures vanquished

Notes
Turn   | Place    | Note
-------+----------+-------------------------------------------
     0 | D        | sircluck the Troll Berserker began the quest for the Orb.
     0 | D        | Reached XP level 1. HP: 22/22 MP: 0/0
    11 | D        | Noticed Jessica
    16 | D        | Killed Jessica
    16 | D        | Reached ** piety under Trog
    17 | D        | Reached skill level 4 in Unarmed Combat
    17 | D        | Reached XP level 2. HP: 12/32 MP: 1/1
    63 | D        | Reached XP level 3. HP: 28/39 MP: 2/2
    75 | D        | Noticed a scorpion
    83 | D        | Killed a scorpion
    84 | D        | Reached skill level 5 in Fighting
    84 | D        | Reached skill level 6 in Unarmed Combat
    84 | D        | Reached XP level 4. HP: 49/50 MP: 3/3
   100 | D        | Gained mutation: Your body sometimes deteriorates upon
                  | taking damage. [potion of mutation]
   101 | D        | Lost mutation: Your body sometimes deteriorates upon taking
                  | damage. [potion of mutation]
   101 | D        | Gained mutation: You have hidden genetic defects. [potion
                  | of mutation]
   101 | D        | Gained mutation: Your mind is acute. (Int +4, Str/Dex -1)
                  | [potion of mutation]
   101 | D        | Gained mutation: You expend magic power (3 MP) to
                  | strengthen your wands. [potion of mutation]
   102 | D        | Lost mutation: You have hidden genetic defects. [potion of
                  | mutation]
   102 | D        | Lost mutation: Your mind is acute. (Int +4, Str/Dex -1)
                  | [potion of mutation]
   102 | D        | Lost mutation: You expend magic power (3 MP) to strengthen
                  | your wands. [potion of mutation]
   102 | D        | Gained mutation: You are dopey. (Int -2) [potion of
                  | mutation]
   102 | D        | Lost intelligence.
   102 | D        | Gained mutation: Your muscles are strong. (Str +4, Int/Dex
                  | -1) [potion of mutation]
   206 | D        | Lost mutation: You are dopey. (Int -2) [potion of mutation]
   206 | D        | Lost mutation: Your muscles are strong. (Str +4, Int/Dex
                  | -1) [potion of mutation]
   206 | D        | Gained mutation: A frigid envelope surrounds you and
                  | freezes all who hurt you. [potion of mutation]
   206 | D        | Gained mutation: Your spells are a little easier to cast,
                  | but a little less powerful. [potion of mutation]
   206 | D        | Gained mutation: You sometimes lose your temper in combat.
                  | [potion of mutation]
   242 | D        | Noticed a water elemental
   247 | D        | Killed a water elemental
   247 | D        | Reached *** piety under Trog
   248 | D        | Reached skill level 5 in Dodging
   248 | D        | Reached XP level 5. HP: 12/59 MP: 4/4
   295 | D        | Found a glowing silver altar of Zin.
   295 | D        | Found a glowing golden altar of the Shining One.
   295 | D        | Found a white marble altar of Elyvilon.
   295 | D        | Noticed a deep elf pyromancer
   298 | D        | Killed a deep elf pyromancer
   299 | D        | Reached skill level 9 in Unarmed Combat
   299 | D        | Reached XP level 6. HP: 59/72 MP: 5/5
   299 | D        | Reached XP level 7. HP: 65/80 MP: 6/6
   318 | D        | Found a hide-covered altar of Uskayaw.
   318 | D        | Found an iron altar of Okawaru.
   318 | D        | Found a bloodstained altar of Trog.
   318 | D        | Found an ornate altar of the Wu Jian Council.
   318 | D        | Noticed a human
   318 | D        | Noticed a human
   323 | D        | Killed a human
   324 | D        | Reached skill level 10 in Unarmed Combat
   327 | D        | Killed a human
   327 | D        | Reached **** piety under Trog
   350 | D        | Found a basalt altar of Yredelemnul.
   350 | D        | Found a shadowy altar of Dithmenos.
   350 | D        | Found a sacrificial altar of Ru.
   371 | D        | Found a radiant altar of Vehumet.
   372 | D        | Found a shimmering blue altar of Sif Muna.
   372 | D        | Found an ancient bone altar of Kikubaaqudgha.
   378 | D        | Reached ***** piety under Trog
   448 | D        | Noticed a shadow
   451 | D        | Killed a shadow
   452 | D        | Reached XP level 8. HP: 55/92 MP: 7/7
   489 | D        | Found a blossoming altar of Fedhas.
   489 | D        | Found a stormy altar of Qazlal.
   489 | D        | Found a snail-covered altar of Cheibriados.
   489 | D        | Found a burning altar of Makhleb.
   489 | D        | Found a shimmering altar of Xom.
   490 | D        | Found a hazy altar of Hepliaklqana.
   490 | D        | Found an opulent altar of Gozag.
   490 | D        | Found a sparkling altar of Nemelex Xobeh.
   490 | D        | Found a corrupted altar of Lugonu.
   490 | D        | Found a viscous altar of Jiyva.
   496 | D        | Reached skill level 11 in Unarmed Combat
   609 | D        | Noticed a two-headed ogre
   615 | D        | Killed a two-headed ogre
   616 | D        | Reached skill level 10 in Fighting
   616 | D        | Reached skill level 10 in Dodging
   646 | D        | Noticed Erolcha
   647 | D        | Noticed a two-headed ogre
   650 | D        | Killed Erolcha
   650 | D        | Reached ****** piety under Trog
   651 | D        | Reached skill level 12 in Unarmed Combat
   651 | D        | Reached XP level 9. HP: 102/102 MP: 8/8
   654 | D        | Killed a two-headed ogre
   675 | D        | Received a gift from Trog
   676 | D        | Reached skill level 13 in Unarmed Combat
   686 | D        | Noticed Donald
   686 | D        | Noticed Frances
   691 | D        | Killed Donald
   692 | D        | Killed Frances
   693 | D        | Reached skill level 14 in Unarmed Combat
   693 | D        | Reached XP level 10. HP: 116/117 MP: 9/9
   710 | D        | Received a gift from Trog
   735 | D        | Noticed a cane toad
   735 | D        | Noticed a cane toad
   741 | D        | Killed a cane toad
   742 | D        | Killed a cane toad
   747 | D        | Reached skill level 15 in Unarmed Combat
   839 | D        | Received a gift from Trog
   947 | D        | Noticed a lindwurm
   950 | D        | Killed a lindwurm
   989 | D        | Reached XP level 11. HP: 127/127 MP: 10/10
   989 | D        | Noticed Urug
   998 | D        | Killed Urug
  1083 | D        | Noticed an eight-headed hydra
  1083 | D        | Noticed a six-headed hydra
  1091 | D        | Killed a seven-headed hydra
  1092 | D        | Reached skill level 16 in Unarmed Combat
  1094 | D        | Killed a ten-headed hydra
  1236 | D        | Noticed a death drake
  1245 | D        | HP: 4/130 [death drake (5)]
  1245 | D        | Killed a death drake
  1245 | D        | Received a gift from Trog
  1332 | D        | Noticed a fire dragon
  1344 | D        | Killed a fire dragon
  1412 | D        | Noticed a fire dragon
  1415 | D        | Killed a fire dragon
  1416 | D        | Reached skill level 1 in Armour
  1417 | D        | Found Zuymmeng's Antique Armour Emporium.
  1417 | D        | Found Byjudas's Book Shop.
  1417 | D        | Found Duageil's Distillery.
  1417 | D        | Noticed a fire dragon
  1417 | D        | Noticed a fire dragon
  1418 | D        | Noticed a fire dragon
  1432 | D        | Killed a fire dragon
  1433 | D        | Reached skill level 17 in Unarmed Combat
  1438 | D        | Killed a fire dragon
  1443 | D        | Killed a fire dragon
  1443 | D        | Received a gift from Trog
  1508 | D        | Noticed a seven-headed hydra
  1508 | D        | Noticed Xtahua
  1521 | D        | Killed Xtahua
  1522 | D        | Reached skill level 15 in Fighting
  1522 | D        | Reached skill level 15 in Dodging
  1524 | D        | Killed a nine-headed hydra
  1525 | D        | Reached skill level 5 in Armour
  1525 | D        | Reached XP level 12. HP: 143/143 MP: 11/11
  1567 | D        | Got a decaying rune of Zot
  1675 | D        | Noticed an orc high priest
  1676 | D        | Noticed an orc high priest
  1684 | D        | Killed an orc high priest
  1689 | D        | Killed an orc high priest
  1703 | D        | Received a gift from Trog
  1713 | D        | Received a gift from Trog
  1773 | D        | Found Ehocatit's Weapon Shoppe.
  1861 | D        | Reached skill level 18 in Unarmed Combat
  2060 | D        | Found Gatopsom's Magic Scroll Emporium.
  2060 | D        | Found Cuicebb's Assorted Antiques.
  2060 | D        | Found Diceum's Antique Armour Boutique.
  2060 | D        | Found Piropt's Distillery.
  2060 | D        | Found Noaf's Book Emporium.
  2060 | D        | Found Tairgh Nyatz's Jewellery Shoppe.
  2060 | D        | Found Seusiuxo's Jewellery Shop.
  2060 | D        | Found Zuitau's Book Shop.
  2060 | D        | Found Ociez's Antique Weapon Emporium.
  2060 | D        | Found Lumic's Antique Weapon Emporium.
  2060 | D        | Found Caikk's Book Boutique.
  2090 | D        | Bought 2 potions of mutation for 192 gold pieces
  2091 | D        | Bought the amulet of Vitality {RegenMP++ Regen++} for 1400
                  | gold pieces
  2091 | D        | Found the amulet of Vitality {RegenMP++ Regen++}
  2097 | D        | Bought a scroll of acquirement for 728 gold pieces
  2106 | D        | Lost mutation: You sometimes lose your temper in combat.
                  | [potion of mutation]
  2106 | D        | Lost mutation: Your spells are a little easier to cast, but
                  | a little less powerful. [potion of mutation]
  2106 | D        | Lost mutation: A frigid envelope surrounds you and freezes
                  | all who hurt you. [potion of mutation]
  2106 | D        | Gained mutation: You are partially covered in iridescent
                  | scales. (AC +2) [potion of mutation]
  2106 | D        | Gained mutation: You possess an exceptional clarity of
                  | mind. [potion of mutation]
  2118 | D        | Received a gift from Trog
  2210 | D        | Received a gift from Trog
  2273 | D        | Noticed a centaur warrior
  2280 | D        | Killed a centaur warrior
  2414 | D        | Identified the +1 bardiche "Vagyvval" {antimagic, *Corrode
                  | rC++ Str+3}
  2430 | D        | Received a gift from Trog
  2433 | D        | Reached skill level 19 in Unarmed Combat
  2433 | D        | Noticed a fire dragon
  2441 | D        | Killed a fire dragon
  2458 | D        | Identified the +2 trident "Zivoj" {heavy, Int+3}
  2460 | D        | Noticed a yaktaur captain
  2471 | D        | HP: 1/146 [white ugly thing (46)]
  2480 | D        | Reached XP level 13. HP: 51/154 MP: 12/12
  2539 | D        | Noticed Chuck
  2584 | D        | Noticed a sphinx
  2584 | D        | Noticed a sphinx
  2597 | D        | Killed a sphinx
  2597 | D        | Received a gift from Trog
  2600 | D        | Killed a sphinx
  2614 | D        | Noticed a mummy priest
  2621 | D        | Killed a mummy priest
  2658 | D        | Noticed a mummy priest
  2662 | D        | Killed a mummy priest
  2663 | D        | Noticed a mummy priest
  2663 | D        | Noticed a mummy priest
  2665 | D        | Received a gift from Trog
  2669 | D        | Killed a mummy priest
  2672 | D        | Killed a mummy priest
  2673 | D        | Reached skill level 10 in Armour
  2673 | D        | Reached skill level 20 in Unarmed Combat
  2693 | D        | Noticed a mummy priest
  2693 | D        | Noticed a mummy priest
  2697 | D        | Received a gift from Trog
  2700 | D        | Killed a mummy priest
  2704 | D        | Killed a mummy priest
  2756 | D        | Noticed a mummy priest
  2762 | D        | Killed a mummy priest
  2777 | D        | Noticed a mummy priest
  2780 | D        | Received a gift from Trog
  2784 | D        | Killed a mummy priest
  2805 | D        | Noticed a mummy priest
  2805 | D        | Noticed a mummy priest
  2805 | D        | Noticed a mummy priest
  2818 | D        | Received a gift from Trog
  2824 | D        | Killed a mummy priest
  2830 | D        | Killed a mummy priest
  2833 | D        | Noticed a jiangshi
  2841 | D        | HP: 7/158 [jiangshi[a mummy priest] (18)]
  2842 | D        | Mangled by a jiangshi

Illustrated notes

Levels and vault maps discovered:
D:        dungeon_sprint_mu [sprint_mu_entry_forest, sprint_mu_temple_rooms,
          sprint_mu_d1_spiders, sprint_mu_d2_genie, sprint_mu_d3_branching,
          sprint_mu_orc_legion, sprint_mu_elf_gauntlet, sprint_mu_hive_nellie,
          sprint_mu_lair_fedhas, sprint_mu_vaults_butterflies,
          sprint_mu_slime_circle, sprint_mu_swamp_cave, sprint_mu_shoals_kraken,
          sprint_mu_blade_basic, sprint_mu_crypt_lich, sprint_mu_tomb_spiral,
          sprint_mu_vestibule_basic, sprint_mu_gehenna_hellfire,
          sprint_mu_dis_giant, sprint_mu_tartarus_statrot,
          sprint_mu_cocytus_islands, sprint_mu_zot1]

Skill      XL: |  1  2  3  4  5  6  7  8  9 10 11 12 13 |
---------------+----------------------------------------+-----
Fighting       | 3 4 5 8 9 10 12 13 15 16 17 | 17.8
Dodging        | 3 4 5 7 9 10 12 13 15 16 17 | 17.7
Unarmed Combat | 4 6 9 10 12 14 15 17 19 20 | 20.7
Armour         | 5 8 11 | 11.2

Action                     |  1- 3 |  4- 6 |  7- 9 | 10-12 | 13-15 || total
---------------------------+-------+-------+-------+-------+-------++-------
  Melee: Unarmed           |    18 |     5 |    49 |   175 |    54 ||   301
         Punch             |       |     1 |     1 |    22 |     7 ||    31
 Invoke: Brothers in Arms  |       |       |     1 |     5 |     4 ||    10
         Berserk           |       |       |       |     2 |     1 ||     3
    Use: Potion            |       |     4 |       |     5 |       ||     9
         Scroll            |       |       |       |     1 |       ||     1
   Stab: Sleeping          |     1 |       |       |     2 |       ||     3
 Armour: Animal skin       |     8 |     6 |    22 |    49 |       ||    85
         Fire dragon scale |       |       |       |   100 |    25 ||   125
  Dodge: Dodged            |     6 |       |    22 |    85 |    13 ||   126

Table legend: (Time is in decaauts)
 A = Elapsed time spent in this place.
 B = Non-inter-level travel time spent in this place.
 C = Inter-level travel time spent in this place.
 D = Time resting spent in this place.
 E = Time spent auto-exploring this place.
 F = Levels seen in this place.
 G = Mean time per level.
                   A        B        C        D        E       F      G
               +--------+--------+--------+--------+--------+-----+--------+
         Total |   2913 |   2809 |    104 |   1279 |    713 |   1 | 2913.0 |
       Dungeon |   2913 |   2809 |    104 |   1279 |    713 |   1 | 2913.0 |
               +--------+--------+--------+--------+--------+-----+--------+

Top non-repeatable levels by time:
       D: 2913 daAuts
